 Dungeon Crawl Stone Soup version 0.26.1-11-gd32895ea62 (webtiles) character file.

Game seed: 9746916965544523913

63 H0rd4k the Chopper (level 3, 0/31 HPs)
             Began as a Minotaur Gladiator on July 8, 2021.
             Killed from afar by Sigmund (7 damage)
             ... with a puff of flame
             ... on level 2 of the Dungeon.
             The game lasted 00:00:48 (961 turns).

H0rd4k the Chopper (Minotaur Gladiator)              Turns: 961, Time: 00:00:49

Health: 0/31       AC:  3    Str: 19    XL:     3   Next: 89%
Magic:  2/2        EV: 28    Int:  5    God:
Gold:   33         SH:  0    Dex: 11    Spells: 2/2 levels left

rFire    . . .     SeeInvis .   a - +0 war axe
rCold    . . .     Faith    .   (no shield)
rNeg     . . .     Spirit   .   b - +0 leather armour
rPois    .         Reflect  .   c - +0 hat
rElec    .         Harm     .   (no cloak)
rCorr    .         Rampage  .   (no gloves)
Will     .....                  (no boots)
Stlth    +.........             l - amulet of the acrobat
HPRegen  0.10/turn              (no ring)
MPRegen  0.08/turn              (no ring)

@: acrobat
A: retaliatory headbutt, horns 2
a: no special abilities


You were on level 2 of the Dungeon.
You visited 1 branch of the dungeon, and saw 2 of its levels.

You collected 33 gold pieces.

Inventory:

Hand Weapons
 a - a +0 war axe (weapon)
Missiles
 d - 3 throwing nets (quivered)
Armour
 b - a +0 leather armour (worn)
 c - a +0 hat (worn)
Jewellery
 l - an amulet of the acrobat (around neck)
Scrolls
 e - a scroll of enchant weapon {unknown}
 f - 2 scrolls of teleportation {unknown}
 g - 2 scrolls of amnesia {unknown}
 h - a scroll of remove curse {unknown}
 i - 2 scrolls of identify {unknown}
 k - a scroll of noise {unknown}
Potions
 j - a potion of magic {unknown}
 m - a potion of heal wounds {unknown}


   Skills:
 + Level 3.1 Fighting
 + Level 4.6 Axes
 + Level 2.3 Throwing
 + Level 0.5 Armour
 + Level 3.9 Dodging


You had 2 spell levels left.
You didn't know any spells.
Your spell library was empty.

Dungeon Overview and Level Annotations

Branches:
Dungeon (2/15)

Altars:

Annotations:
D:2 Sigmund


Innate Abilities, Weirdness & Mutations

You reflexively headbutt those who attack you in melee.
You have a pair of horns on your head.


Message History

The frilled lizard hisses angrily.
You headbutt Sigmund.
Sigmund is lightly wounded.
Sigmund hits you but does no damage.
You hit Sigmund.
Sigmund is lightly wounded.
Sigmund hits you with a +2 scythe of protection.
You slash Sigmund! You headbutt Sigmund, but do no damage.
Sigmund is heavily wounded.
A ball python comes into view.
Sigmund hits you with a +2 scythe of protection.
* * * LOW HITPOINT WARNING * * *
The dart slug launches a dart at you.
The slug dart hits you but does no damage.
Sigmund casts a spell at himself.
Sigmund flickers and vanishes!
Deactivating autopickup; reactivate with Ctrl-A.
A puff of flame appears from out of thin air!
The puff of flame hits you!
You die...

#.#.......#.#...#)#..
#.........#.#........
#.##..#####.....<....
#......###...........
#..##................ #########
###..###.##............ ........#
#........###.....<.....
.......####....###<##............
.......†....l{..@(.##..#.........
.......###..S####................
.......###..######..#.#####...##
.......##.w....###....# ...#
########..#{............ ..
#...............#####
#........S...##.#
#................
#................


You could see a ball python and a frilled lizard.

Vanquished Creatures
  2 adders (D:2)
  An ooze (D:1)
  2 dart slugs (D:1)
  A leopard gecko (D:2)
  A ball python (D:1)
  6 bats
  5 goblins
  8 hobgoblins
  A quokka (D:2)
  2 frilled lizards (D:2)
  3 kobolds (D:1)
  3 rats
35 creatures vanquished.

Notes
Turn   | Place    | Note
-------+----------+-------------------------------------------
     0 | D:1      | H0rd4k the Minotaur Gladiator began the quest for the Orb.
     0 | D:1      | Reached XP level 1. HP: 18/18 MP: 0/0
    48 | D:1      | Reached XP level 2. HP: 25/25 MP: 1/1
    75 | D:1      | Reached skill level 4 in Axes
   555 | D:1      | Reached XP level 3. HP: 30/30 MP: 2/2
   946 | D:2      | Noticed Sigmund
   961 | D:2      | Killed from afar by Sigmund

Illustrated notes

Levels and vault maps discovered:
D:1:      minmay_arrival_open_corners, layout_loops_ring
D:2:      minmay_diamond_boxcup, layout_rooms, uniq_sigmund,
          uniq_crazy_yiuf_cottage

Skill      XL: |  1  2  3 |
---------------+----------+-----
Axes           | 4 |  4.6
Fighting       | 3 |  3.1
Throwing       | |  2.3
Armour         | |  0.5
Dodging        | |  3.9

Action                   || total
-------------------------++-------
Melee: War axe           ||    64
       Headbutt          ||    10
Armor: Leather armour    ||    18
Dodge: Dodged            ||    52
